cohdb
Replays
Latest Replays
All Replays
Popular Replays
Top Player Replays
Match Explorer
How It Works
Community
CoH3 Stats
Reddit
Sign in to upload your games and track your stats! →
Sign in with Steam
Match 42932111
Unlisted
Match 42932111
Overview
Messages
Build Orders
End
Vickers Machine Gun Team
Construct Section Command Post
Selects Air and Sea Battlegroup
Selects Air and Sea Battlegroup
Dingo Light Scout Car
Infantry Section
Infantry Section
Construct Platoon Command Post
Selects Commando Section Paradrop
Commando Section Paradrop
Humber Armored Car
Commando Section Paradrop
detahaven
swagmeister
lattouf
HelpingHans
0
0
Comments
sign in to comment!
No comments posted yet!